 Dungeon Crawl Stone Soup version 0.29.1-13-g9f3cf754e1 (webtiles) character file.

Game seed: 17498493754987063916

30 Mickster the Trooper (level 3, -2/33 HPs)
             Began as a Hill Orc Fighter on Feb 8, 2023.
             Frozen to death by an endoplasm (3 damage)
             ... on level 2 of the Dungeon on Feb 10, 2023.
             The game lasted 00:16:16 (1264 turns).

Mickster the Trooper (Hill Orc Fighter)             Turns: 1264, Time: 00:16:16

Health: -2/33      AC:  9    Str: 17 (20) XL:     3   Next: 20%
Magic:  3/3        EV:  9    Int:  7 (8)  God:
Gold:   55         SH:  4    Dex:  9 (10) Spells: 2/2 levels left

rFire   + . .      SeeInvis +   i - +0 dagger (venom)
rCold   . . .      Faith    .   c - +0 buckler
rNeg    . . .      Spirit   .   b - +0 scale mail
rPois   .          Reflect  .   (no helmet)
rElec   .          Harm     .   (no cloak)
rCorr   .          Rampage  .   g - +0 pair of gloves
Will    .....                   j - +0 pair of boots
Stlth   ..........              (no amulet)
HPRegen 0.11/turn               (no ring)
MPRegen 0.08/turn               (no ring)

@: mighty
A: see invisible, fire resistance 1, screaming 1
a: no special abilities


You were on level 2 of the Dungeon.
You visited 1 branch of the dungeon, and saw 2 of its levels.

You collected 55 gold pieces.

Inventory:

Hand Weapons
 a - a +0 war axe
 i - a +0 dagger of venom (weapon)
Missiles
 e - 3 stones (quivered)
Armour
 b - a +0 scale mail (worn)
 c - a +0 buckler (worn)
 f - a +0 ring mail
 g - a +0 pair of gloves (worn)
 j - a +0 pair of boots (worn)
Scrolls
 h - a scroll of identify


   Skills:
 + Level 4.0 Fighting
 + Level 3.2 Axes
 + Level 3.6 Armour
 + Level 0.3 Dodging
 + Level 3.7 Shields


You had 2 spell levels left.
You didn't know any spells.
Your spell library contained the following spells:

 Spells                   Type           Power      Damage    Failure   Level
 Poisonous Vapours        Pois/Air       0%         N/A       97%         2
 Corpse Rot               Necr/Pois/Air  0%         N/A       100%        4


Dungeon Overview and Level Annotations

Branches:
Dungeon (2/15)

Altars:


Innate Abilities, Weirdness & Mutations

You have supernaturally acute eyesight. (SInv)
Your flesh is heat resistant. (rF+)
You occasionally shout uncontrollably at your foes.


Message History

You closely miss the kobold.
The kobold is moderately wounded.
You block the kobold's attack. The endoplasm barely misses you.
You barely miss the kobold.
The kobold is moderately wounded.
The endoplasm closely misses you.
The kobold hits you with a +0 short sword.
You hit the kobold.
The kobold looks as sick as possible!
The kobold is severely wounded.
You kill the kobold!
The endoplasm freezes you.
You are frozen.
* * * LOW HITPOINT WARNING * * *
The ball python bites you but does no damage.
You block the ball python's attack.
You feel very mighty all of a sudden. The endoplasm freezes you.
You are frozen.
* * * LOW HITPOINT WARNING * * *
A goblin comes into view. It is wielding a +0 dagger.
The rat bites you.
* * * LOW HITPOINT WARNING * * *
The ball python barely misses you. You block the ball python's attack.
The goblin shouts!
You hit the rat.
You kill the rat!
The endoplasm freezes you.
You are frozen.
* * * LOW HITPOINT WARNING * * *
The ball python barely misses you. The ball python grabs you.
The ball python constricts you.
You puncture the ball python!
You kill the ball python!
The endoplasm hits you but does no damage.
The endoplasm hits you but does no damage.
Things that are here:
a +0 short sword; a ball python corpse The endoplasm freezes you.
You are frozen.
You die...

#...# ... .
#...#....
#.#######.>.#....
#>...........g...
............#....
###..............
#######w.......
#)J......
#@....... ####
#.....).. .... .
#........ ..# ..
#........ #.. ...
#!..)....
#.####....
#........
#.........
#........ .#|..#
......... .....#
#


You could see a worm, an endoplasm and a goblin.

Vanquished Creatures
  An adder (D:2)
  4 endoplasms
  2 goblins (D:1)
  A hobgoblin (D:2)
  2 jackals (D:1)
  A quokka (D:1)
  A ball python (D:2)
  A bat (D:2)
  2 frilled lizards
  3 kobolds (D:2)
  3 rats
21 creatures vanquished.

Notes
Turn   | Place    | Note
-------+----------+-------------------------------------------
     0 | D:1      | Mickster the Hill Orc Fighter began the quest for the Orb.
     0 | D:1      | Reached XP level 1. HP: 19/19 MP: 1/1
   355 | D:1      | Reached XP level 2. HP: 15/27 MP: 2/2
  1161 | D:2      | Found a faded altar of an unknown god.
  1231 | D:2      | Reached XP level 3. HP: 15/33 MP: 3/3
  1232 | D:2      | Reached skill level 4 in Fighting
  1239 | D:2      | Gained mutation: You have supernaturally acute eyesight.
                  | (SInv) [potion of mutation]
  1239 | D:2      | Gained mutation: You occasionally shout uncontrollably at
                  | your foes. [potion of mutation]
  1239 | D:2      | Gained mutation: Your flesh is heat resistant. (rF+)
                  | [potion of mutation]
  1261 | D:2      | HP: 1/33 [frozen (4)]
  1264 | D:2      | Frozen to death by an endoplasm

Illustrated notes

Levels and vault maps discovered:
D:1:      dpeg_arrival_arbitrary_a, layout_loops_ring, minmay_misc_feat_pillars
D:2:      layout_basic, nicolae_ecumenical_pavilion, minmay_tetromino_i4,
          uniq_sigmund

Skill      XL: |  1  2  3 |
---------------+----------+-----
Axes           | 3 |  3.2
Fighting       | 4 |  4.0
Armour         | |  3.6
Dodging        | |  0.3
Shields        | |  3.7

Action                   || total
-------------------------++-------
Melee: War axe           ||    21
       Dagger            ||    40
  Use: Potion            ||     7
       Scroll            ||     3
Armor: Scale mail        ||    44
Dodge: Dodged            ||    39
Block: Buckler           ||    21
